 Dungeon Crawl Stone Soup version 0.26-b1-45-g23770d1d51 (webtiles) character file.

Game seed: 55747822856520133

37 DocSulfur the Ruffian (level 3, 0/28 HPs)
             Began as a Draconian Transmuter on Jan 6, 2021.
             Succumbed to an adder's poison
             ... on level 2 of the Dungeon.
             The game lasted 00:02:34 (1125 turns).

DocSulfur the Ruffian (Draconian Transmuter)        Turns: 1125, Time: 00:02:34

Health: 0/28       AC:  5    Str: 19    XL:     3   Next: 21%
Magic:  4/6        EV: 12    Int: 13    God:
Gold:   85         SH:  0    Dex: 11    Spells: 3/6 levels left

rFire    . . .     SeeInvis .     - Unarmed
rCold    . . .     Faith    +   (no shield)
rNeg     . . .     Spirit   .   (armour unavailable)
rPois    .         Reflect  .   (helmet restricted)
rElec    .         Harm     .   (no cloak)
rCorr    .         Rampage  .   (no gloves)
Will     .....                  (no boots)
Stlth    +.........             n - amulet of faith
HPRegen  0.09/turn              l - +6 ring of strength
MPRegen  0.10/turn              (no ring)

@: lethally poisoned (0 -> -4), wereblooded, flying
A: unfitting armour, cold-blooded, AC +5
a: no special abilities


You were on level 2 of the Dungeon.
You visited 1 branch of the dungeon, and saw 2 of its levels.

You collected 85 gold pieces.

Inventory:

Missiles
 c - 20 sling bullets
 m - 16 arrows
Jewellery
 l - a +6 ring of strength (left hand)
 n - an amulet of faith (around neck)
Scrolls
 d - a scroll of magic mapping
 f - a scroll of noise {unknown}
 h - a scroll of identify
 k - a scroll of enchant weapon
Potions
 a - a potion of flight
 b - a potion of attraction {unknown}
 e - a potion of cancellation {unknown}
 g - 2 potions of lignification {unknown}
 i - a potion of brilliance {unknown}
 j - a potion of ambrosia {unknown}
 o - a potion of might {unknown}


   Skills:
 + Level 1.6 Fighting
 - Level 1.7 Dodging
 * Level 3.4 Unarmed Combat
 + Level 2.2 Spellcasting
 * Level 2.7 Transmutations


You had 3 spell levels left.
You knew the following spells:

 Your Spells              Type           Power        Failure   Level
a - Beastly Appendage     Tmut           16%          9%          1
b - Wereblood             Tmut           8%           12%         2

Your spell library contained the following spells:

 Spells                   Type           Power        Failure   Level
 Spider Form              Tmut/Pois      2%           38%         3
 Ice Form                 Ice/Tmut       4%           80%         4
 Blade Hands              Tmut           4%           92%         5


Dungeon Overview and Level Annotations

Branches:
Dungeon (2/15)

Altars:
Cheibriados


Innate Abilities, Weirdness & Mutations

Your plain brown scales are hard. (AC +5)
You cannot fit into any form of body armour.
You are cold-blooded and may be slowed by cold attacks.


Message History

You are too injured to fight recklessly!
You are too injured to fight recklessly!
You are too injured to fight recklessly!
You are too injured to fight recklessly!
You are too injured to fight recklessly!
You are too injured to fight recklessly!
You are too injured to fight recklessly!
You are too injured to fight recklessly!
You are too injured to fight recklessly!
As you read the scroll labelled WUCVOH NAKK, it crumbles to dust.
It is a scroll of identify.
k - a scroll of enchant weapon The adder closely misses you.
The worm bites you!
* * * LOW HITPOINT WARNING * * *
Unknown command.
It was a potion of flight.
You feel very buoyant.
You fly up into the air.
Your horns disappear.
Your talons disappear.
You die...

#..... #..........##.......
#.....###.............##..).
#.......).............#....
#..........................
#......#..........#........
#.>....#.#...##..######....
#...##.#...##...... #....
...........####.####. #.###
............@S.$# #.
.............w......
#########...###≈..≈# #..#.
≈≈#. #..#.⌠ ≈# #..#.^. #
#...###≈ #..? ≈≈


You could see a worm and an adder.

Vanquished Creatures
  An adder (D:2)
  A dart slug (D:1)
  A leopard gecko (D:1)
  3 bats
  A hobgoblin (D:1)
  4 jackals (D:1)
  3 frilled lizards (D:1)
  5 goblins
  6 rats
25 creatures vanquished.

Notes
Turn   | Place    | Note
-------+----------+-------------------------------------------
     0 | D:1      | DocSulfur the Draconian Transmuter began the quest for the
                  | Orb.
     0 | D:1      | Reached XP level 1. HP: 16/16 MP: 3/3
   239 | D:1      | Reached XP level 2. HP: 23/23 MP: 3/5
   296 | D:1      | Learned a level 2 spell: Wereblood
   677 | D:2      | Found a snail-covered altar of Cheibriados.
   707 | D:2      | Reached XP level 3. HP: 16/28 MP: 2/6
  1124 | D:2      | HP: 1/28 [worm (9)]
  1125 | D:2      | Succumbed to an adder's poison

Illustrated notes

Levels and vault maps discovered:
D:1:      matt_arrival_grand_opening, layout_rooms
D:2:      layout_rooms, lemuel_doored_altar, corexii_shack,
          kennysheep_cluttered_room, fountainhead

Action                   || total
-------------------------++-------
Melee: Unarmed           ||    61
       Kick              ||     8
       Headbutt          ||     4
       Tailslap          ||     2
 Cast: Beastly Appendage ||    16
       Wereblood         ||     8
  Use: Scroll            ||     4
       Potion            ||     1
Armor: Skin              ||    24
Dodge: Dodged            ||    32
